[Event "RUS-chT Blitz Women 2018"]
[Site "Sochi"]
[Date "2018.10.10"]
[Round "7"]
[White "Chan, Naruna"]
[Black "Zhurova, Anna"]
[Result "1-0"]
[ECO "B27"]
[WhiteElo "1967"]
[BlackElo "1947"]
[Annotator "NA RC"]
[PlyCount "62"]
[EventDate "2018.10.10"]
[EventType "swiss"]
[EventCountry "RUS"]
[SourceTitle "playchess.com"]
[Source "ChessBase"]
[SourceQuality "1"]
[TimeControl "180+2"]

1. e4 c5 2. Nf3 g6 3. c3 Bg7 4. d4 cxd4 5. cxd4 d5 6. e5 Nc6 7. Nbd2 Nh6 8. Bb5 O-O 9. O-O Bg4 10. h3 Bf5 11. Bxc6 bxc6 12. Nb3 Be4 13. Ng5 Qb6 14. Nxe4 dxe4 15. Re1 Rfd8 16. Rxe4 Nf5 17. Qd3 Rd5 18. Bd2 Rad8 19. Bc3 a5 20. Qc4 Qc7 21. Rae1 e6 22. Qa4 h5 23. R4e2 Kh7 24. Qc4 Ra8 25. Re4 a4 26. Nc5 Rad8 27. g4 hxg4 28. hxg4 Ne7 29. Kg2 Rh8 30. Rf4 Kg8 31. Qxa4 Rxc5 1-0

[Event "RUS-chT Blitz Women 2018"]
[Site "Sochi"]
[Date "2018.10.10"]
[Round "7"]
[White "Seregina, Maria"]
[Black "Soboleva, Anastasia"]
[Result "0-1"]
[ECO "A02"]
[WhiteElo "1923"]
[BlackElo "1769"]
[Annotator "NA"]
[PlyCount "61"]
[EventDate "2018.10.10"]
[EventType "swiss"]
[EventCountry "RUS"]
[SourceTitle "playchess.com"]
[Source "ChessBase"]
[SourceQuality "1"]
[TimeControl "180+2"]

1. f4 e5 2. fxe5 d6 3. exd6 Bxd6 4. Nf3 Nc6 5. g3 Ne5 6. d4 Ng4 7. Qd3 Ne7 8. e4 Nc6 9. e5 Bb4+ 10. c3 Be7 11. Bg2 g6 12. Qe2 h5 13. h3 Nh6 14. Nbd2 Nf5 15. Qf2 h4 16. g4 Ng3 17. Rg1 f5 18. Nb3 fxg4 19. hxg4 Bxg4 20. Bf4 Nf5 21. O-O-O Qd7 22. d5 Nb8 23. e6 Qa4 24. Bxc7 Qxa2 25. Kc2 Na6 26. Be5 O-O-O 27. Bxh8 Rxh8 28. Rd2 Rd8 29. Nfd4 Nd6 30. Qxh4 Nc4 31. Rb1 0-1

[Event "RUS-chT Blitz Women 2018"]
[Site "Sochi"]
[Date "2018.10.10"]
[Round "7"]
[White "Shestakova, Ekaterina"]
[Black "Sukhareva, Valentina"]
[Result "1-0"]
[ECO "B00"]
[WhiteElo "1886"]
[BlackElo "1817"]
[Annotator "NA"]
[PlyCount "57"]
[EventDate "2018.10.10"]
[EventType "swiss"]
[EventCountry "RUS"]
[SourceTitle "playchess.com"]
[Source "ChessBase"]
[SourceQuality "1"]
[TimeControl "180+2"]

1. e4 d6 2. d4 Nd7 3. f4 g6 4. Nf3 Bg7 5. Nc3 c6 6. Bd3 a6 7. Be3 Ngf6 8. O-O O-O 9. h3 b5 10. e5 Ne8 11. Ne2 c5 12. c3 Bb7 13. Ng3 e6 14. Be4 Bxe4 15. Nxe4 cxd4 16. Bxd4 d5 17. Nc5 Nc7 18. Nb7 Qb8 19. Nd6 Ne8 20. Nxe8 Rxe8 21. Qe1 Qc7 22. g4 Nc5 23. Qe3 Ne4 24. Ng5 Nxg5 25. fxg5 a5 26. Rf2 Re7 27. Raf1 Rf8 28. Bc5 Bxe5 29. Bxe7 1-0